 Dungeon Crawl Stone Soup version 0.31-a0-277-g31ea1f65cc (webtiles) character file.

Game seed: 9849590045555204176

3509 Newt the Trooper (level 9, -4/60 (69) HPs)
             Began as a Demonspawn Gladiator on July 15, 2023.
             Was a Believer of Hepliaklqana.
             Slain by a wight
             ... wielding a +5 falchion
              (5 damage)
             ... on level 8 of the Dungeon.
             The game lasted 00:13:06 (8959 turns).

Newt the Trooper (Demonspawn Gladiator)             Turns: 8959, Time: 00:13:07

HP:   -4/60 (69)    AC: 10    Str: 18    XL:     9   Next: 81%
MP:   9/9           EV: 12    Int: 11    God:    Hepliaklqana [**....]
Gold: 582           SH:  8    Dex: 14    Spells: 8/8 levels left

rFire   . . .        I - +2 morningstar (heavy)
rCold   . . .        e - +3 buckler
rNeg    . . .        b - +0 leather armour
rPois   +            c - +0 helmet
rElec   .            (no cloak)
rCorr   .            D - +1 Delatra's gloves {ID++}
SInv    .            s - +0 pair of boots
Will    .....        (no amulet)
Stlth   +            h - +4 ring of slaying
HPRegen 0.30/turn    P - ring of poison resistance
MPRegen 0.11/turn

%: no passive effects
@: heavily drained
A: reduced essence, rugged brown scales 2, demonic guardian 1, weakness stinger
1
a: Renounce Religion, Recall Ancestor, Ancestor Identity


You were on level 8 of the Dungeon.
You worshipped Hepliaklqana.
Hepliaklqana was pleased with you.
You visited 2 branches of the dungeon, and saw 9 of its levels.
You also visited: Sewer.

You collected 582 gold pieces.

Inventory:

Hand Weapons
 a - a +0 rapier
 E - a +0 dagger of draining
 H - a +1 halberd of venom
 I - a +2 heavy morningstar (weapon)
Missiles
 d - a throwing net
 o - 14 poisoned darts
 p - 3 boomerangs (quivered)
 t - 4 silver boomerangs
 M - 5 javelins
 O - a curare-tipped dart
Armour
 b - a +0 leather armour (worn)
 c - a +0 helmet (worn)
 e - a +3 buckler (worn)
 s - a +0 pair of boots (worn)
 v - a +0 pair of gloves
 D - the +1 Delatra's gloves (worn) {ID++}
   (You found it on level 4 of the Dungeon)

   ID++:      It heals its wearer when they drink unknown potions, and restores
   their MP when they read unknown scrolls.
Jewellery
 h - a +4 ring of slaying (left hand)
 i - a ring of fire
 l - a ring of positive energy
 K - an amulet of guardian spirit
 P - a ring of poison resistance (right hand)
Wands
 m - a wand of flame (21)
 q - a wand of paralysis (12)
 L - a wand of iceblast (11)
 Q - a wand of acid (9)
Scrolls
 u - a scroll of enchant weapon
 x - 2 scrolls of teleportation
 y - a scroll of fog
 G - a scroll of fear
 J - 2 scrolls of revelation
 N - 2 scrolls of identify
Potions
 f - 5 potions of might
 g - 2 potions of berserk rage
 j - 3 potions of cancellation
 k - 9 potions of enlightenment
 n - a potion of lignification
 r - 5 potions of heal wounds
 w - 3 potions of mutation
 z - 2 potions of resistance
 A - 5 potions of curing
 B - 2 potions of haste {unknown}
 C - 2 potions of brilliance {unknown}
 F - 2 potions of ambrosia {unknown}


   Skills:
 + Level 7.6 Fighting
 - Level 4.0 Short Blades
 - Level 5.0 Maces & Flails
 - Level 6.0 Throwing
 - Level 4.1 Armour
 - Level 2.6 Dodging
 - Level 4.0 Shields
 - Level 4.0 Evocations


You had 8 spell levels left.
You didn't know any spells.
Your spell library contained the following spells:

 Spells                   Type           Power      Damage    Failure   Level
 Sandblast                Erth           0%         2d4       47%         1
 Slow                     Hex            0%         N/A       47%         1
 Ensorcelled Hibernation  Hex/Ice        0%         N/A       63%         2
 Passwall                 Tmut/Erth      0%         N/A       63%         2
 Confusing Touch          Hex            0%         N/A       85%         3
 Portal Projectile        Hex/Tloc       0%         N/A       85%         3
 Stone Arrow              Conj/Erth      0%         3d7       85%         3
 Swiftness                Air            0%         N/A       85%         3
 Tukima's Dance           Hex            0%         N/A       85%         3
 Vampiric Draining        Necr           0%         2d6       85%         3
 Iskenderun's Mystic Bla  Conj/Tloc      0%         2d3       99%         4


Dungeon Overview and Level Annotations

Branches:
Dungeon (8/15)             Temple (1/1) D:4            Lair (0/5) D:8
  Sewer (visited)

Altars:
Ashenzari
Cheibriados
Dithmenos
Fedhas
Gozag
Hepliaklqana
Kikubaaqudgha
Makhleb
Nemelex Xobeh
Okawaru
Qazlal
Ru
Sif Muna
Trog
Vehumet
Wu Jian
Xom
Yredelemnul

Annotations:
D:6 2 runed translucent doors, pokeman's ghost, novice DEHW


Innate Abilities, Weirdness & Mutations

Your life essence is reduced to manifest your ancestor. (-10% HP)
You are mostly covered in rugged brown scales. (AC +2, +5% HP)
A weak demonic guardian rushes to your aid.
You have a small tail.


Message History

The wight hits you with a +0 dire flail!
You feel drained.
Khalidah hits the wight with a +0 dagger of draining.
The wight hits you but does no damage.
Khalidah hits the wight with a +0 dagger of draining.
The wight hits Khalidah with a +5 falchion!
The wight hits you from afar with a +6 spear of freezing!
You feel drained. The wight freezes you.
You closely miss the wight.
The wight is moderately damaged.
Khalidah closely misses the wight.
The wight hits Khalidah with a +5 falchion!
Khalidah is destroyed!
The wight hits you from afar with a +6 spear of freezing.
The wight freezes you. You block the wight's attack. x3
The wight attacks as you move away! The wight hits you with a +5 falchion!
Throw: 4 boomerangs (silver)
Press: ? - help, Shift-Dir - straight line, f - wight
Aim: a wight, wielding a +5 falchion and wearing a +0 robe (heavily damaged, 67% to hit)
You throw a silver boomerang. The silver boomerang hits the wight!
The wight is almost destroyed.
The wight barely misses you.
Unknown command.
Throw: 4 boomerangs (silver)
Press: ? - help, Shift-Dir - straight line, f/p - wight
Aim: a wight, wielding a +5 falchion and wearing a +0 robe (heavily damaged, 67% to hit)
You throw a silver boomerang. The silver boomerang hits the wight.
The wight is severely damaged.
The wight hits you with a +0 dire flail.
You feel drained. The wight closely misses you.
The wight hits you from afar with a +6 spear of freezing.
The wight freezes you.
Unknown command.
The wight hits you with a +0 dire flail!
* * * LOW HITPOINT WARNING * * *
A demonic guardian appears!
You feel drained.
* * * LOW HITPOINT WARNING * * *
The wight attacks as you move away! You block the wight's attack.
The wight attacks as you move away! The wight hits you with a +5 falchion.
You die...

#....)###.#.......# #.##
###..##...#.#.......#
#.##
###...#####.#.........#
#)##
#...#.#####.###.......#
#.#
##.##..##...............
#.#
##..##.....####.#.......#
#.# #.......####
##.........# #.#
#...##.## #5.........#
#.# ######.#
###.@#.......# ##.#
##..zz#########
#..####..##z#######
#.......##).......#
#.########........# ###
#.......)# #........#
#........# #........#


You could see 3 wights and a friendly quasit (summoned).

Vanquished Creatures
  A two-headed ogre (D:8)
  An orc warrior (D:4)
  An ice beast (D:7)
  A black bear (D:5)
  An ogre (D:5)
  A phantom (D:5)
  2 scorpions
  8 killer bees
  2 electric eels (D:7)
  A howler monkey (D:5)
  4 hounds
  2 gnoll boudas
  3 jellies
  4 orc priests
  4 iguanas
  A sleepcap (D:7)
  7 orc wizards
  A hexer (D:8)
  Robin (D:3)
  6 river rats (Sewer)
  14 adders
  18 gnolls
  2 white imps
  2 ufetubi
  2 worms (D:2)
  3 dart slugs
  24 orcs
  17 ball pythons
  12 endoplasms
  8 giant cockroaches
  10 goblins (D:3)
  10 hobgoblins
  7 jackals
  10 quokkas
  13 bats
  8 frilled lizards
  8 kobolds
  6 rats
226 creatures vanquished.

Vanquished Creatures (collateral kills)
  A black bear (D:7)
  A kobold brigand (D:8)
  A bullfrog (D:7)
  A wight (D:8)
  3 killer bees
  An electric eel (D:7)
  4 orc priests
  A gnoll bouda (D:7)
  A jelly (D:7)
  An iguana (D:7)
  2 gnolls
  2 orcs (D:7)
  2 butterflies (D:6)
21 creatures vanquished.

Vanquished Creatures (others)
  A hexer (D:8)
  2 ancestors
3 creatures vanquished.

Grand Total: 250 creatures vanquished

Notes
Turn   | Place    | Note
-------+----------+-------------------------------------------
     0 | D:1      | Newt the Demonspawn Gladiator began the quest for the Orb.
     0 | D:1      | Reached XP level 1. HP: 16/16 MP: 1/1
   305 | D:1      | Gained mutation: You are partially covered in rugged brown
                  | scales. (AC +1, +3% HP) [demonic ancestry]
   305 | D:1      | Reached XP level 2. HP: 15/23 MP: 2/2
   394 | D:1      | Reached skill level 3 in Fighting
   813 | D:2      | Reached XP level 3. HP: 28/29 MP: 3/3
  1060 | D:2      | Reached skill level 4 in Fighting
  1157 | D:2      | Gained mutation: A weak demonic guardian rushes to your
                  | aid. [demonic ancestry]
  1157 | D:2      | Reached XP level 4. HP: 19/38 MP: 4/4
  1704 | D:2      | Found a snail-covered altar of Cheibriados.
  2406 | D:3      | Noticed Robin
  2436 | D:3      | Killed Robin
  2437 | D:3      | Reached XP level 5. HP: 32/43 MP: 5/5
  3074 | D:4      | Found a glowing drain.
  3102 | Sewer    | Entered a sewer
  3461 | Sewer    | Gained mutation: You have a small tail. [demonic ancestry]
  3461 | Sewer    | Reached XP level 6. HP: 47/49 MP: 6/6
  4232 | D:4      | Reached skill level 1 in Shields
  4461 | D:4      | Noticed an orc warrior
  4474 | D:4      | Killed an orc warrior
  4480 | D:4      | Gained mutation: You are mostly covered in rugged brown
                  | scales. (AC +2, +5% HP) [demonic ancestry]
  4480 | D:4      | Reached XP level 7. HP: 14/56 MP: 7/7
  5128 | D:4      | Found a staircase to the Ecumenical Temple.
  5179 | D:4      | Found the +1 Delatra's gloves {ID++}
  5238 | Temple   | Entered the Ecumenical Temple
  5291 | Temple   | Became a worshipper of Hepliaklqana the Forgotten
  5542 | D:5      | Entered Level 5 of the Dungeon
  5608 | D:5      | Reached skill level 5 in Throwing
  5667 | D:5      | Reached XP level 8. HP: 44/64 MP: 8/8
  5848 | D:5      | Reached skill level 5 in Fighting
  6390 | D:6      | Reached skill level 6 in Fighting
  6390 | D:6      | Reached * piety under Hepliaklqana
  6394 | D:6      | Found a runed translucent door.
  6461 | D:6      | Found a stormy altar of Qazlal.
  6463 | D:6      | Found a burning altar of Makhleb.
  6464 | D:6      | Found a bloodstained altar of Trog.
  6464 | D:6      | Found an ornate altar of the Wu Jian Council.
  6484 | D:6      | Reached skill level 1 in Armour
  6607 | D:6      | Found a runed translucent door.
  6608 | D:6      | Found a shimmering altar of Xom.
  6610 | D:6      | Found a shimmering blue altar of Sif Muna.
  6953 | D:6      | Noticed pokeman's ghost (novice DEHW)
  7182 | D:7      | Reached skill level 1 in Evocations
  7302 | D:7      | Reached XP level 9. HP: 13/65 MP: 9/9
  7737 | D:7      | Reached ** piety under Hepliaklqana
  7743 | D:7      | Reached skill level 1 in Maces & Flails
  7743 | D:7      | Remembered your ancestor Khalidah as a hexer
  7862 | D:7      | Found an iron altar of Okawaru.
  8595 | D:8      | Found a staircase to the Lair.
  8641 | D:8      | Found a sparkling altar of Nemelex Xobeh.
  8650 | D:8      | Found a radiant altar of Vehumet.
  8712 | D:8      | Noticed a two-headed ogre
  8725 | D:8      | Killed a two-headed ogre
  8726 | D:8      | Reached skill level 5 in Maces & Flails
  8726 | D:8      | Reached skill level 7 in Fighting
  8958 | D:8      | HP: 1/60 [wight/+0 dire flail (6)]
  8959 | D:8      | Slain by a wight

Illustrated notes

Levels and vault maps discovered:
D:1:      sevenhm_arrival_forest_fort_large_2, layout_rooms, minivault_5
D:2:      layout_rooms, basic_altar, minmay_bisected
D:3:      layout_basic, minmay_misc_feat_diagonals, minmay_misc_feat_pillars,
          uniq_robin
D:4:      layout_rooms, minmay_temple_entry_nine_rooms, portal_sewer_entry_f,
          grunt_ministairs_6, pf_guarded_unrand_delatra
D:5:      layout_rooms, ebering_dispersal_statue_hall, minmay_misc_feat_plants,
          st_stairs_6
D:6:      layout_rooms, mainiacjoe_overflow_catwalk, xom_butterflies,
          grunt_temple_overflow_open, ebering_ghost_sewer_f
D:7:      layout_cave_pools, serial_bayou_ford_a, david_defended_altar_orc
D:8:      layout_rooms, jmf_multi_god_temple, lair_entry_dummy
Temple:   hellmonk_temple_of_storms

Skill      XL: |  1  2  3  4  5  6  7  8  9 |
---------------+----------------------------+-----
Fighting       | 3 4 6 7 |  7.6
Throwing       | 2 3 4 6 |  6.0
Short Blades   | 3 4 |  4.0
Shields        | 3 4 |  4.0
Armour         | 4 |  4.1
Evocations     | 3 4 |  4.0
Maces & Flails | 5 |  5.0
Dodging        | |  2.6

Action                     |  1- 3 |  4- 6 |  7- 9 || total
---------------------------+-------+-------+-------++-------
  Melee: Rapier            |   108 |   286 |   130 ||   524
         Punch             |     1 |       |       ||     1
         Tailslap          |       |     6 |    51 ||    57
         Dagger            |       |       |   190 ||   190
         Morningstar       |       |       |     2 ||     2
  Throw: Boomerang         |       |    21 |    52 ||    73
         Javelin           |       |     2 |       ||     2
         Throwing net      |       |     2 |     2 ||     4
         Dart              |       |     4 |    14 ||    18
 Invoke: Ancestor Life: He |       |       |     1 ||     1
  Evoke: Wand              |       |     2 |       ||     2
    Use: Scroll            |     4 |     8 |     6 ||    18
         Potion            |       |       |     1 ||     1
   Stab: Sleeping          |       |     1 |       ||     1
         Distracted        |       |     1 |       ||     1
         Confused          |       |       |     1 ||     1
 Armour: Leather armour    |    67 |    78 |   116 ||   261
  Dodge: Dodged            |   104 |   174 |   165 ||   443
  Block: Buckler           |       |    74 |   121 ||   195

Table legend: (Time is in decaauts)
 A = Elapsed time spent in this place.
 B = Non-inter-level travel time spent in this place.
 C = Inter-level travel time spent in this place.
 D = Time resting spent in this place.
 E = Time spent auto-exploring this place.
 F = Levels seen in this place.
 G = Mean time per level.
                   A        B        C        D        E       F      G
               +--------+--------+--------+--------+--------+-----+--------+
         Total |   9136 |   8724 |    412 |   2305 |   4667 |  10 |  913.6 |
       Dungeon |   8047 |   7650 |    397 |   2101 |   4052 |   8 | 1005.9 |
        Temple |     68 |     53 |     15 |      0 |     24 |   1 |   68.0 |
         Sewer |   1020 |   1020 |      0 |    204 |    590 |   1 | 1020.0 |
               +--------+--------+--------+--------+--------+-----+--------+

Top non-repeatable levels by time:
     D:4: 1343 daAuts
     D:3: 1280 daAuts
     D:7: 1091 daAuts
     D:2: 1047 daAuts
   Sewer: 1020 daAuts
     D:1: 985 daAuts
     D:5: 837 daAuts
     D:6: 764 daAuts
     D:8: 696 daAuts
  Temple: 68 daAuts
